Map: Acropolis LE

Players

Mez - Winner!

  • Race: Terran Terran
  • League: Master
  • Spawn Location: 11:00

RoDoS

  • Race: Zerg Zerg
  • League: Master
  • Spawn Location: 5:00

VOD

Have the link to the VOD?

Description

Time

  • Played on: July 31, 2019, 1:54 a.m.
  • Length: 19:27
Show
View Real Time Build Order
Export as new Build Order

Mez Terran - Winner!

Build Orders: Reaper Expand 

Get SALT Encoding   

  12  0:02  SCV  
  13  0:14  SCV  
  13  0:19  Supply Depot  
  14  0:26  SCV  
  15  0:40  SCV  
  16  0:43  Barracks  
  16  0:47  Refinery  
  16  0:53  SCV  
  17  1:05  SCV  
  18  1:17  SCV  
  19  1:31  Reaper, Orbital Command  
  20  1:43  Command Center  
  20  1:54  Barracks  
  20  1:58  SCV  
  21  2:04  Barracks Reactor  
  21  2:09  Barracks  
  21  2:13  SCV  
  22  2:19  Supply Depot  
  22  2:25  SCV  
  23  2:45  SCV, Marine  
  23  2:46  Marine, Barracks Tech Lab  
  26  2:56  Orbital Command  
  26  2:57  Marine  
  27  3:04  SCV  
  27  3:05  Combat Shield  
  28  3:06  Marine x3  
  31  3:15  Marine  
  31  3:16  SCV  
  33  3:24  Marine x3  
  33  3:25  SCV  
  37  3:29  SCV  
  37  3:31  Supply Depot  
  38  3:35  Marine  
  38  3:37  SCV  
  40  3:41  SCV, Marine  
  40  3:42  Marine x2  
  40  3:47  Engineering Bay  
  44  3:52  Marine  
  45  3:56  SCV  
  45  3:57  SCV  
  45  3:59  Marine  
  45  4:01  Supply Depot  
  48  4:06  Marine  
  48  4:08  SCV  
  48  4:09  SCV  
  50  4:17  Terran Infantry Weapons Level 1  
  50  4:24  Stimpack, Supply Depot  
  50  4:27  Marine x2  
  50  4:31  SCV x2  
  54  4:34  Command Center  
  54  4:38  Marine x2  
  56  4:43  SCV x2  
  58  4:52  Factory  
  48  5:12  Refinery x2, SCV x2, Barracks  
  48  5:13  Marine x4, Barracks  
  48  5:26  SCV  
  48  5:27  SCV  
  50  5:31  Marine x3  
  53  5:38  SCV  
  53  5:39  SCV  
  53  5:41  Starport  
  55  5:48  Orbital Command  
  55  5:51  SCV x2  
  55  5:53  Factory Reactor  
  55  5:54  Marine x3  
  55  5:55  Marine  
  55  5:56  Engineering Bay, Armory  
  61  6:01  Marine x2  
  61  6:03  SCV x2  
  65  6:09  Refinery  
  65  6:12  Marine x3  
  65  6:15  SCV x2, Orbital Command  
  65  6:16  Marine  
  71  6:19  Marine x2  
  71  6:24  Terran Infantry Armor Level 1  
  73  6:27  SCV  
  73  6:30  Marine  
  75  6:36  Marine x2  
  79  6:43  Supply Depot  
  79  6:45  Barracks Reactor x2  
  79  6:46  Barracks Reactor, Supply Depot x2  
  77  6:48  SCV x2  
  77  6:50  Medivac x2  
  77  6:52  SCV  
  84  7:00  SCV  
  85  7:05  SCV x2  
  87  7:10  Supply Depot  
  87  7:11  Marine  
  87  7:12  SCV, Marine x2, Supply Depot  
  87  7:13  Terran Infantry Weapons Level 2  
  91  7:17  SCV x2  
  93  7:23  Marine x6  
  93  7:24  SCV  
  93  7:27  Barracks  
  93  7:28  Barracks  
  93  7:29  SCV, Marine x3, Barracks  
  102  7:31  Command Center  
  102  7:35  Supply Depot  
  104  7:39  Medivac, Supply Depot  
  104  7:40  Marine  
  104  7:41  Marine x5  
  104  7:42  Supply Depot  
  112  7:45  Medivac  
  112  7:47  Marine x3  
  112  7:49  Concussive Shells  
  112  7:50  SCV x3  
  120  8:02  SCV  
  121  8:06  Supply Depot  
  121  8:07  Marine x9, Supply Depot  
  121  8:09  Medivac  
  132  8:15  Medivac  
  134  8:25  Marine x3  
  126  8:39  Medivac  
  127  8:44  Marine x8  
  127  8:45  Medivac  
  140  8:58  Barracks Tech Lab x2  
  140  9:00  Barracks Reactor  
  137  9:05  Barracks x2  
  137  9:07  Barracks x2  
  137  9:09  Medivac  
  139  9:11  Marine x6  
  139  9:12  Marine x2, Marauder  
  139  9:14  Command Center  
  139  9:15  Medivac  
  121  9:33  Marauder  
  121  9:35  Marine x7  
  121  9:38  Marine x2  
  103  9:39  Marauder x2  
  103  9:41  SCV  
  109  9:53  Terran Infantry Weapons Level 3  
  109  9:55  Marauder  
  111  10:00  Marine, Marauder x2  
  111  10:01  Marine x11  
  111  10:02  Marine  
  128  10:10  Refinery x2  
  128  10:12  Planetary Fortress  
  128  10:16  Marauder  
  130  10:26  Marine x6, Marauder x2  
  138  10:38  Marine x7, Marauder  
  138  10:39  Marine  
  141  10:43  Marine  
  141  10:44  Marine x4  
  141  10:45  Marine  
  141  10:46  Liberator x2  
  141  10:47  Marauder x2  
  130  10:59  Marine x9  
  136  11:10  Terran Infantry Armor Level 2  
  126  11:13  Marine x3  
  129  11:20  SCV x2  
  129  11:21  SCV  
  129  11:22  SCV  
  133  11:29  Command Center  
  133  11:32  SCV x2  
  135  11:33  Terran Vehicle And Ship Armor Level 1, SCV  
  135  11:34  SCV  
  137  11:44  SCV x2  
  137  11:46  SCV x2  
  141  11:47  Marine, Marauder  
  141  11:48  Marauder x2  
  141  11:49  Marine x5  
  153  11:56  SCV x2  
  155  12:05  Refinery  
  155  12:08  Starport  
  155  12:09  Marauder, Starport  
  155  12:11  Fusion Core  
  155  12:28  Marine x7  
  155  12:29  Marine x2, Marauder x2  
  168  12:30  Marauder  
  149  12:45  Marine x5  
  149  12:46  Viking, Marine x3  
  149  12:50  Marauder  
  149  12:51  Marauder  
  160  12:52  Viking x3  
  160  12:54  Marine x7  
  151  13:07  Marine x8  
  151  13:11  Marine x2  
  151  13:12  Marine x2  
  163  13:16  Viking  
  165  13:22  Viking x2  
  151  13:37  Marine  
  151  13:38  Viking, Marine x9  
  150  13:46  Viking  
  144  13:52  Viking x2  
  143  13:57  Marine, Command Center  
  143  13:58  Marine x10  
  152  14:08  Viking  
  152  14:12  Marine  
  152  14:13  Marine x5  
  152  14:15  Marine x3  
  161  14:27  Viking x3  
  167  14:38  Viking  
  167  14:40  Marine  
  167  14:41  Marine x4  
  164  14:57  Medivac x3  
  166  15:04  Marine x3  
  166  15:13  Marine x5  
  164  15:19  Medivac  
  152  15:27  Medivac x3  
  152  15:28  Planetary Fortress  
  153  15:39  SCV  
  153  15:40  SCV x2  
  153  15:41  Marine x9  
  165  15:49  Medivac  
  167  15:51  SCV  
  167  15:52  SCV x2  
  167  15:57  Medivac x2  
  150  16:14  Marine x14  
  150  16:18  Planetary Fortress  
  164  16:19  SCV  
  164  16:20  SCV x3  
  168  16:26  Viking x2  
  168  16:27  Viking  
  168  16:31  SCV  
  168  16:32  SCV  
  176  16:38  Sensor Tower  
  176  16:39  SCV x2  
  178  16:46  Marine x9  
  178  16:47  Marine x4  
  187  16:50  Viking  
  193  17:09  Marine x2  
  193  17:13  Orbital Command  
  195  17:33  Marine x4  
  195  17:34  Marine x10  
  130  17:45  Marine x3  
  130  17:50  Marine  
  130  17:51  Marine x4  
  129  17:52  Marine x4  
  129  17:53  Marine  
  135  17:58  Marine  
  135  17:59  Marine x3  
  135  18:03  Marine x3  
  136  18:08  Marine  
  136  18:09  Marine x6  
  136  18:10  Marine x3  
  140  18:16  Marine x3  
  140  18:17  Marine  
  140  18:21  Marine, Medivac x4  
  149  18:29  Marine  
  149  18:30  Marine x11  
  149  18:33  Orbital Command  
  161  18:34  Marine x4  
  161  18:38  Marine  
  162  18:48  Marine x3  
  162  18:49  Marine x3  
  162  18:51  Medivac x4  
  176  19:06  Marine x2  
Show
View Real Time Build Order
Export as new Build Order

RoDoS Zerg 

Build Orders: Hatch First, Brood Lord Corruptor 

Get SALT Encoding   

  12  0:02  Drone  
  13  0:14  Overlord  
  13  0:19  Drone  
  14  0:33  Drone x2  
  16  0:37  Drone  
  17  0:59  Hatchery  
  17  1:02  Drone x2  
  18  1:16  Spawning Pool  
  17  1:18  Drone  
  17  1:23  Extractor  
  17  1:26  Drone  
  17  1:31  Drone  
  19  1:44  Overlord  
  19  2:01  Drone  
  19  2:02  Queen  
  19  2:04  Zergling x2  
  23  2:11  Queen  
  23  2:12  Zergling x2  
  26  2:18  Drone  
  27  2:25  Drone x2  
  27  2:26  Metabolic Boost  
  29  2:37  Drone  
  30  2:45  Drone x2  
  30  2:46  Drone  
  30  2:50  Queen  
  35  2:55  Overlord  
  35  3:04  Drone  
  36  3:15  Drone x2  
  36  3:16  Drone  
  39  3:21  Queen  
  39  3:25  Drone  
  39  3:26  Drone x2  
  44  3:30  Hatchery  
  43  3:37  Drone  
  43  3:40  Overlord  
  44  3:51  Overlord  
  44  4:00  Drone x2  
  44  4:01  Drone x3  
  49  4:11  Queen x2  
  49  4:12  Overlord  
  49  4:15  Drone x3  
  56  4:18  Zergling x2  
  56  4:19  Zergling x4, Baneling Nest  
  58  4:24  Zergling x4  
  58  4:29  Extractor x2  
  58  4:33  Zergling x2  
  59  4:40  Zergling x2  
  59  4:41  Zergling x12  
  66  4:46  Drone  
  67  4:53  Zergling x6  
  69  5:01  Zergling x2  
  69  5:04  Drone x2  
  65  5:10  Drone  
  66  5:14  Lair  
  66  5:16  Drone x2  
  68  5:22  Queen x2  
  68  5:23  Drone  
  73  5:29  Evolution Chamber x2  
  73  5:30  Drone x2  
  73  5:32  Overlord  
  73  5:34  Hatchery  
  72  5:37  Baneling x3  
  72  5:38  Baneling x5  
  72  5:39  Drone  
  73  5:54  Drone x5  
  73  5:55  Drone x3  
  81  6:15  Overlord  
  81  6:18  Extractor  
  80  6:19  Queen, Extractor  
  80  6:22  Overlord  
  81  6:27  Zerg Ground Armor Level 1, Zerg Melee Weapons Level 1  
  81  6:30  Overlord, Hydralisk Den  
  81  6:31  Overlord x3  
  81  6:32  Overlord x2  
  80  6:34  Drone  
  81  6:42  Centrifical Hooks  
  81  6:44  Drone x4  
  81  6:45  Drone x3  
  81  6:46  Drone x3  
  91  6:47  Drone x4  
  91  6:52  Baneling x2  
  91  6:53  Zergling x2, Baneling x4  
  91  6:54  Zergling x2  
  97  7:02  Overlord  
  97  7:08  Zergling x12  
  100  7:11  Baneling x4  
  100  7:12  Baneling x4  
  103  7:18  Grooved Spines  
  103  7:21  Drone x4  
  103  7:22  Drone x4  
  111  7:32  Zergling x8  
  115  7:41  Drone, Extractor  
  115  7:42  Drone x6, Extractor  
  120  7:47  Drone x2, Extractor  
  120  7:49  Infestation Pit, Drone x3  
  120  7:51  Drone x3  
  126  7:57  Zergling x6  
  126  7:58  Zergling x4  
  131  8:00  Zergling x2  
  133  8:05  Zergling x4  
  133  8:20  Zergling x18  
  133  8:21  Zergling x6  
  145  8:29  Zergling x2  
  145  8:30  Zergling x8  
  137  8:41  Zergling x2  
  137  8:42  Zergling x16  
  137  8:43  Baneling  
  137  8:44  Baneling x11  
  137  8:47  Zerg Ground Armor Level 2, Hive, Zerg Melee Weapons Level 2  
  146  8:49  Spire  
  146  8:54  Zergling x2  
  146  8:55  Zergling x6  
  149  9:08  Zergling x2  
  149  9:09  Zergling x4  
  152  9:11  Overlord x7  
  152  9:20  Muscular Augments  
  152  9:22  Queen  
  152  9:27  Queen  
  125  9:32  Zergling x2  
  125  9:33  Zergling x14  
  125  9:38  Baneling  
  119  9:39  Baneling x9  
  119  9:40  Zergling x2, Hatchery, Baneling x4  
  119  9:41  Zergling x4, Extractor  
  119  9:42  Zergling x2  
  119  9:44  Extractor  
  120  9:49  Zergling x6  
  123  9:54  Hydralisk x2  
  123  9:55  Hydralisk x4  
  135  10:04  Greater Spire  
  135  10:06  Adrenal Glands  
  135  10:07  Hydralisk x4  
  135  10:13  Hydralisk x3  
  147  10:17  Baneling x10  
  147  10:18  Baneling x14  
  147  10:19  Zergling x2  
  147  10:20  Zergling x10  
  142  10:49  Zergling x24  
  156  10:50  Zergling x8  
  138  11:04  Zergling x10  
  138  11:05  Zergling x4  
  136  11:13  Corruptor x2  
  136  11:14  Corruptor x2  
  136  11:17  Corruptor x6  
  154  11:22  Zerg Flyer Weapons Level 1  
  154  11:23  Pathogen Glands  
  154  11:25  Drone x3  
  156  11:31  Queen  
  159  11:38  Baneling x8  
  159  11:39  Baneling x12  
  159  11:42  Hatchery  
  159  11:43  Drone x3  
  161  11:53  Overlord  
  161  12:03  Brood Lord x4  
  169  12:19  Brood Lord x2  
  169  12:20  Neural Parasite  
  173  12:26  Zerg Melee Weapons Level 3  
  173  12:28  Overlord  
  157  13:18  Zergling x2  
  157  13:19  Zergling x40  
  179  13:20  Zergling x2  
  169  13:39  Corruptor x5  
  169  13:40  Corruptor  
  175  13:42  Hatchery  
  173  13:58  Corruptor x6  
  173  13:59  Hatchery  
  184  14:14  Brood Lord x3  
  159  14:58  Zergling x2  
  159  14:59  Zergling x16  
  156  15:15  Hatchery  
  156  15:16  Zergling x2  
  156  15:17  Zergling x4  
  156  15:20  Extractor  
  156  15:22  Extractor  
  155  15:39  Corruptor x6  
  167  15:49  Baneling  
  167  15:50  Baneling x21  
  167  15:51  Zergling x6  
  167  15:54  Hatchery  
  137  16:08  Corruptor  
  137  16:09  Corruptor x5  
  149  16:24  Zergling x6  
  152  16:36  Hatchery  
  152  16:38  Zergling x12  
  157  17:07  Viper x3  
  163  17:21  Zergling x2  
  163  17:22  Zergling x14  
  154  17:38  Zergling x4  
  150  17:46  Hatchery  
  150  17:47  Hydralisk x2  
  134  18:10  Zergling x8  
  138  18:16  Drone, Zergling x2  
  140  18:37  Drone x3  
  145  18:52  Brood Lord x5  
  145  18:53  Brood Lord  
  158  18:56  Zergling x2  
  158  18:57  Zergling x6  
Tags
 
Add a new tag
Caveats
  • Supply blocks, unpowered buildings, or Contaminate may cause inaccurate times.
  • Supply counts are checked every 10 seconds.